 Dungeon Crawl Stone Soup version 0.31-a0-180-g519b7de00c (webtiles) character file.

Game seed: 14813182988234147324

2861 ragingrage the Carver (level 9, 0/64 HPs)
             Began as a Barachi Chaos Knight on June 19, 2023.
             Was a Plaything of Xom.
             Slain by Menkaure (19 damage)
             ... on level 7 of the Dungeon.
             The game lasted 00:06:14 (5901 turns).

ragingrage the Carver (Barachi Chaos Knight)        Turns: 5901, Time: 00:06:14

Health: 0/64       AC:  5    Str: 13    XL:     9   Next: 75%
Magic:  9/9        EV: 11    Int: 14    God:    Xom [....*.]
Gold:   254        SH:  0    Dex: 15    Spells: 8/8 levels left

rFire   . . .        q - +11 Singing Sword {sonic wave}
rCold   . . .        (no shield)
rNeg    . . .        M - +2 leather armour {Will+}
rPois   +            (no helmet)
rElec   .            A - scarf {+Inv}
rCorr   .            (no gloves)
SInv    .            (no boots)
Will    +....        f - amulet of regeneration
Stlth   ++           d - ring of wizardry
HPRegen 1.10/turn    b - ring of poison resistance
MPRegen 0.11/turn

%: wizardry (x1)
@: slow
A: amphibious, slowness 1, strong legs 1, +LOS
a: Hop, Renounce Religion, Evoke Invisibility


You were on level 7 of the Dungeon.
You worshipped Xom.
You were a beloved toy of Xom.
You visited 1 branch of the dungeon, and saw 7 of its levels.

You collected 359 gold pieces.
You spent 105 gold pieces at shops.

Inventory:

Hand Weapons
 q - the +11 Singing Sword (weapon) {sonic wave}
   (You found it on level 3 of the Dungeon)
Missiles
 l - 11 poisoned darts
Armour
 a - a +2 robe of fire resistance
 k - the +0 ring mail of Inaction {rElec Will+}
   (You found it on level 5 of the Dungeon)

   rElec:     It insulates you from electricity.
   Will:      It increases your willpower.
 A - a scarf of invisibility (worn)
 M - a +2 leather armour of willpower (worn)
Magical Staves
 g - a staff of air
Jewellery
 b - a ring of poison resistance (right hand)
 d - a ring of wizardry (left hand)
 f - an amulet of regeneration (around neck)
 n - a ring of fire
 N - a ring of willpower
Wands
 o - a wand of light (7)
 w - a wand of iceblast (16)
 G - a wand of flame (13)
 H - a wand of paralysis (9)
 L - a wand of polymorph (11)
Scrolls
 h - 3 scrolls of teleportation
 m - a scroll of enchant weapon
 r - a scroll of vulnerability {unknown}
 s - 4 scrolls of revelation
 u - a scroll of brand weapon {unknown}
 y - 2 scrolls of blinking {unknown}
 z - 2 scrolls of fog {unknown}
 B - 2 scrolls of amnesia {unknown}
 D - a scroll of fear {unknown}
Potions
 e - a potion of mutation
 i - 3 potions of brilliance
 j - a potion of resistance
 p - 2 potions of magic
 t - a potion of berserk rage
 v - a potion of haste
 x - a potion of enlightenment {unknown}
 C - a potion of cancellation {unknown}
 E - 2 potions of heal wounds {unknown}
 F - 2 potions of might {unknown}
 I - 2 potions of lignification
 J - 2 potions of curing
 K - a potion of ambrosia {unknown}
Miscellaneous
 c - a piece from Xom's chessboard (15/15) (quivered)


   Skills:
 - Level 3.6 Fighting
 - Level 4.1(9.8) Short Blades
 + Level 14.8(15.1) Long Blades
 - Level 2.4 Armour
 - Level 1.1 Dodging
 - Level 2.0 Stealth


You had 8 spell levels left.
You didn't know any spells.
Your spell library contained the following spells:

 Spells                   Type           Power      Damage    Failure   Level
 Slow                     Hex            0%         N/A       16%         1
 Confusing Touch          Hex            0%         N/A       38%         3
 Vampiric Draining        Necr           0%         2d6       38%         3


Dungeon Overview and Level Annotations

Branches:
Dungeon (7/15)             Temple (0/1) D:7

Altars:
Dithmenos
Ru
Sif Muna
Vehumet
Wu Jian

Shops:
D:3 *

Annotations:
D:7 Menkaure


Innate Abilities, Weirdness & Mutations

You are amphibious.
You cover ground slowly.
You can hop short distances.
You have an extended range of vision and can be seen from far away.


Message History

You see here 7 stones.
You see here 7 stones.
You see here a +0 quarterstaff.
A black bear comes into view.
A black bear is nearby!
A black bear is nearby!
Found a stone staircase leading down.
You closely miss the black bear. You slice the black bear!!
The black bear bites you but does no damage.
The black bear claws you but does no damage.
The black bear claws you.
You slash the black bear!
You kill the black bear!
No target in view!
No target in view!
N - a ring of willpower
Found a stone staircase leading down.
No target in view!
There is an open door here.
Xom alters the dungeon around you.
Two doors slam shut!
No target in view!
You open the door.
There is an open door here.
There is an open door here.
J - 2 potions of curing (gained 1)
There is an open door here.
There is an open door here.
Menkaure, Prince of Dust comes into view.
Menkaure casts a spell.
Menkaure seems to speed up.
Menkaure calls on the powers of darkness!
Your body is wracked with pain!
Menkaure calls on the powers of darkness!
Your body is wracked with pain!
* * * LOW HITPOINT WARNING * * *
You barely miss Menkaure. Menkaure hits you!!
You die...
Xom thinks this is hilarious!

####.#..........#
.....#..........#
.....#####.#########
....## #.........#
....# ##+#######.#
....# #.....# #.# ....#
#.....# #.# .)..#
#.....####.# ....#
#......M@..# #####
##...#.##### # #.#.#.#
##########.#.#.########
........##.#.#........#
........+..#.########.#
........#..#.# .# #.#
...######..#.#..# #.#
#.......#..#.#..# #.#


You could see Menkaure (fast).

Vanquished Creatures
  Joseph (D:7)
  Grinder (D:5)
  Sigmund (D:5)
  Duvessa (D:5)
  A water moccasin (D:6)
  2 black bears
  An ogre (D:7)
  2 centaurs (D:6)
  2 phantoms (D:6)
  A kobold brigand (D:6)
  A bullfrog (D:6)
  3 scorpions (D:5)
  Dowan (D:5)
  A howler monkey (D:2)
  2 jellies (D:5)
  5 hounds
  5 orc priests
  A gnoll bouda (D:7)
  Jessica (D:3)
  2 iguanas (D:6)
  Natasha (thrice) (D:3)
  6 orc wizards
  A statue (D:7)
  4 gnolls (D:7)
  13 adders
  An ufetubus (D:6)
  2 worms
  A dart slug (D:1)
  27 orcs
  5 bats
  17 endoplasms
  5 giant cockroaches
  8 goblins
  9 hobgoblins
  2 jackals (D:1)
  8 kobolds
  3 quokkas
  12 ball pythons
  4 frilled lizards
  5 rats
171 creatures vanquished.

Vanquished Creatures (others)
  A bullfrog (D:7)
1 creature vanquished.

Grand Total: 172 creatures vanquished

Notes
Turn   | Place    | Note
-------+----------+-------------------------------------------
     0 | D:1      | ragingrage the Barachi Chaos Knight began the quest for the
                  | Orb.
     0 | D:1      | Reached XP level 1. HP: 18/18 MP: 1/1
    90 | D:1      | XOM: potion effect (attraction)
    94 | D:1      | Reached skill level 4 in Long Blades
   129 | D:1      | Reached XP level 2. HP: 22/24 MP: 2/2
   339 | D:1      | XOM: silly message
   341 | D:1      | Reached XP level 3. HP: 28/29 MP: 3/3
   383 | D:1      | Reached skill level 5 in Long Blades
   442 | D:1      | XOM: cloud trail
   499 | D:1      | XOM is BORED!
   499 | D:1      | XOM: stat loss: -2 Str (11/13)
   837 | D:1      | XOM: divination: magic mapping
   904 | D:2      | Reached skill level 1 in Short Blades
   904 | D:2      | Reached skill level 1 in Stealth
   904 | D:2      | Reached XP level 4. HP: 35/36 MP: 4/4
  1030 | D:2      | XOM: god gift: short sword {god gift}
  1377 | D:2      | Reached XP level 5. HP: 40/41 MP: 5/5
  1423 | D:2      | XOM: divination: magic mapping
  1508 | D:2      | XOM: divination: magic mapping
  1545 | D:2      | XOM is BORED!
  1577 | D:2      | XOM: silly message
  2075 | D:3      | Noticed Natasha
  2091 | D:3      | Killed Natasha
  2214 | D:3      | XOM: divination: magic mapping
  2216 | D:3      | Noticed Natasha
  2223 | D:3      | XOM: cast spell 'Alistair's Intoxication'
  2253 | D:3      | Killed Natasha
  2271 | D:3      | Found the +11 Singing Sword {sonic wave}
  2364 | D:3      | Found Ygheaso's Assorted Antiques.
  2382 | D:3      | Bought 2 scrolls labelled SOEHIAZEUMA for 54 gold pieces
  2382 | D:3      | Bought a sapphire potion for 24 gold pieces
  2382 | D:3      | Bought a scroll labelled DETSICAA SEGER for 27 gold pieces
  2409 | D:3      | Reached XP level 6. HP: 47/47 MP: 6/6
  2435 | D:3      | Noticed Natasha
  2439 | D:3      | XOM: potion effect (might)
  2440 | D:3      | Killed Natasha
  2540 | D:3      | Reached skill level 6 in Long Blades
  2693 | D:3      | Noticed Jessica
  2700 | D:3      | Killed Jessica
  2821 | D:3      | XOM: silly message
  2865 | D:4      | Found a sacrificial altar of Ru.
  2865 | D:4      | XOM: confusion (+ monsters)
  2892 | D:4      | Identified the +7 war axe of Pestilence {venom, rElec rF+
                  | Int+4 Dex-3}
  2945 | D:4      | XOM: god gift: 6 stones
  3288 | D:4      | XOM: god gift: robe {god gift}
  3297 | D:5      | Entered Level 5 of the Dungeon
  3320 | D:5      | Reached skill level 7 in Long Blades
  3320 | D:5      | Reached XP level 7. HP: 51/52 MP: 7/7
  3352 | D:5      | Reached skill level 8 in Long Blades
  3480 | D:5      | Noticed Grinder
  3486 | D:5      | Killed Grinder
  3487 | D:5      | Reached skill level 9 in Long Blades
  3489 | D:5      | Reached XP level 8. HP: 46/59 MP: 8/8
  3565 | D:5      | Noticed Sigmund
  3571 | D:5      | Killed Sigmund
  3572 | D:5      | Reached skill level 10 in Long Blades
  3574 | D:5      | Found an ornate altar of the Wu Jian Council.
  3586 | D:5      | Noticed Dowan
  3587 | D:5      | Noticed Duvessa
  3592 | D:5      | Killed Duvessa
  3594 | D:5      | Killed Dowan
  3595 | D:5      | Reached skill level 11 in Long Blades
  3604 | D:5      | Identified the +0 ring mail of Inaction {rElec Will+}
  4085 | D:6      | Reached skill level 12 in Long Blades
  4098 | D:6      | HP: 2/59 [centaur/+0 trident (4)]
  4106 | D:6      | Reached XP level 9. HP: 10/64 MP: 9/9
  4280 | D:6      | Reached skill level 13 in Long Blades
  4311 | D:6      | Found a shimmering blue altar of Sif Muna.
  4311 | D:6      | Found a shadowy altar of Dithmenos.
  5078 | D:7      | XOM: polymorph sky beast -> ogre
  5200 | D:7      | Found a radiant altar of Vehumet.
  5305 | D:7      | XOM: potion effect (invisibility)
  5330 | D:7      | Noticed Joseph
  5336 | D:7      | XOM: potion effect (brilliance)
  5338 | D:7      | Killed Joseph
  5339 | D:7      | Reached skill level 14 in Long Blades
  5396 | D:7      | XOM: noise
  5737 | D:7      | Found a staircase to the Ecumenical Temple.
  5739 | D:7      | Found a faded altar of an unknown god.
  5739 | D:7      | XOM: divine lightning
  5854 | D:7      | XOM: scenery: 2 doors close
  5898 | D:7      | Noticed Menkaure
  5901 | D:7      | Slain by Menkaure

Illustrated notes

Levels and vault maps discovered:
D:1:      dpeg_arrival_renting, layout_basic
D:2:      layout_loops_corners, minmay_pentomino_pile
D:3:      layout_basic, serial_shops, shop, minmay_fractal_squares_gapless_5,
          uniq_natasha, uniq_jessica
D:4:      layout_rooms, nicolae_ru_awakened_eye, nicolae_overflow_hidden_temple
D:5:      layout_gridville, nicolae_wu_jian_wuxing_cycle, serial_park_tiny_pond,
          uniq_duvessa, uniq_grinder, uniq_sigmund
D:6:      layout_basic, jmf_multi_god_temple
D:7:      layout_basic, vehumet_statue, nicolae_temple_entry_ecumenical,
          uniq_joseph, uniq_menkaure

Skill      XL: |  1  2  3  4  5  6  7  8  9 |
---------------+----------------------------+-----
Long Blades    | 4 5 7 9 12 14 | 14.8
Short Blades   | 1 2 4 |  4.1
Stealth        | 1 2 |  2.0
Fighting       | |  3.6
Armour         | |  2.4
Dodging        | |  1.1

Action                     |  1- 3 |  4- 6 |  7- 9 || total
---------------------------+-------+-------+-------++-------
  Melee: Falchion          |    73 |       |       ||    73
         Short sword       |    28 |   123 |       ||   151
         Double sword      |       |    45 |   115 ||   160
         Punch             |       |       |     1 ||     1
Ability: Hop               |       |       |     1 ||     1
    Use: Potion            |       |       |     7 ||     7
         Scroll            |       |       |     8 ||     8
   Stab: Sleeping          |     1 |     7 |     1 ||     9
         Distracted        |       |     1 |       ||     1
         Invisible         |       |       |     2 ||     2
 Armour: Leather armour    |    49 |    47 |     8 ||   104
         Ring mail         |       |       |    25 ||    25
  Dodge: Dodged            |    61 |    72 |    50 ||   183

Table legend: (Time is in decaauts)
 A = Elapsed time spent in this place.
 B = Non-inter-level travel time spent in this place.
 C = Inter-level travel time spent in this place.
 D = Time resting spent in this place.
 E = Time spent auto-exploring this place.
 F = Levels seen in this place.
 G = Mean time per level.
                   A        B        C        D        E       F      G
               +--------+--------+--------+--------+--------+-----+--------+
         Total |   6831 |   6451 |    380 |    426 |   4804 |   7 |  975.9 |
       Dungeon |   6831 |   6451 |    380 |    426 |   4804 |   7 |  975.9 |
               +--------+--------+--------+--------+--------+-----+--------+

Top non-repeatable levels by time:
     D:2: 1300 daAuts
     D:6: 1114 daAuts
     D:1: 991 daAuts
     D:3: 981 daAuts
     D:7: 972 daAuts
     D:5: 946 daAuts
     D:4: 524 daAuts
